 Dungeon Crawl Stone Soup version 0.29.1-13-g9f3cf754e1 (webtiles) character file.

Game seed: 14957318454902201127

932 Thatpatchoflichen the Chopper (level 8, 0/71 HPs)
             Began as a Hill Orc Fighter on Jan 21, 2023.
             Succumbed to a killer bee's poison
             ... on level 5 of the Dungeon.
             The game lasted 00:11:01 (5679 turns).

Thatpatchoflichen the Chopper (Hill Orc Fighter)    Turns: 5679, Time: 00:11:01

Health: 0/71       AC:  9    Str: 21    XL:     8   Next: 11%
Magic:  8/8        EV: 10    Int:  8    God:
Gold:   297        SH: 12    Dex: 10    Spells: 7/7 levels left

rFire   . . .      SeeInvis .   a - +0 war axe
rCold   . . .      Faith    .   z - +2 buckler {rN+}
rNeg    + + .      Spirit   .   C - +3 leather armour
rPois   .          Reflect  +   (no helmet)
rElec   .          Harm     .   (no cloak)
rCorr   .          Rampage  .   (no gloves)
Will    .....                   w - +1 pair of boots
Stlth   +.........              c - amulet of reflection
HPRegen 0.21/turn               g - ring of positive energy
MPRegen 0.11/turn               (no ring)

@: lethally poisoned (0 -> -2)
A: no striking features
a: no special abilities


You were on level 5 of the Dungeon.
You visited 1 branch of the dungeon, and saw 6 of its levels.

You collected 297 gold pieces.

Inventory:

Hand Weapons
 a - a +0 war axe (weapon)
Missiles
 b - 5 poisoned darts
 j - 6 boomerangs (quivered)
Armour
 w - a +1 pair of boots (worn)
 z - a +2 buckler of positive energy (worn)
 C - a +3 leather armour (worn)
Jewellery
 c - an amulet of reflection (around neck)
 g - a ring of positive energy (left hand)
Wands
 q - a wand of flame (3)
Scrolls
 f - a scroll of enchant weapon {unknown}
 h - a scroll of noise {unknown}
 k - a scroll of poison {unknown}
 n - 7 scrolls of identify {unknown}
 o - 5 scrolls of teleportation
 r - a scroll of torment {unknown}
 s - a scroll of vulnerability {unknown}
 t - a scroll of fear {unknown}
 u - a scroll of magic mapping {unknown}
 v - 2 scrolls of fog {unknown}
 y - a scroll of summoning {unknown}
 B - a scroll of enchant armour {unknown}
Potions
 d - 3 potions of might
 e - a potion of mutation {unknown}
 i - 2 potions of curing
 l - a potion of lignification {unknown}
 m - a potion of flight {unknown}
 p - 2 potions of degeneration {unknown}
 x - 2 potions of heal wounds {unknown}
 A - a potion of attraction {unknown}
 D - a potion of berserk rage {unknown}


   Skills:
 + Level 6.4 Fighting
 + Level 6.5 Axes
 + Level 5.9 Armour
 + Level 5.9 Shields


You had 7 spell levels left.
You didn't know any spells.
Your spell library contained the following spells:

 Spells                   Type           Power      Damage    Failure   Level
 Apportation              Tloc           0%         N/A       54%         1
 Magic Dart               Conj           0%         1d3       54%         1
 Necrotise                Necr           0%         1d4       54%         1
 Summon Small Mammal      Summ           0%         N/A       54%         1
 Ensorcelled Hibernation  Hex/Ice        0%         N/A       67%         2
 Searing Ray              Conj           0%         2d4       67%         2
 Ozocubu's Armour         Ice            0%         N/A       88%         3
 Spider Form              Tmut/Pois      0%         N/A       88%         3
 Vampiric Draining        Necr           0%         2d6       88%         3
 Anguish                  Hex/Necr       0%         N/A       99%         4
 Fulminant Prism          Conj/Hex       0%         3d6       99%         4
 Agony                    Necr           0%         N/A       100%        5
 Ozocubu's Refrigeration  Ice            0%         4d7       100%        7


Dungeon Overview and Level Annotations

Branches:
Dungeon (6/15)
 Temple: D:4-7

Altars:
Gozag
Vehumet

Annotations:
D:5 4 runed translucent doors


Message History

The killer bee barely misses you. The killer bee misses you.
You block the killer bee's attack. The killer bee stings you.
* * * LOW HITPOINT WARNING * * *
You closely miss the killer bee.
The killer bee is heavily wounded.
You miss the killer bee. You barely miss the killer bee.
You feel sick. The killer bee barely misses you. x2
The killer bee stings you but does no damage.
The killer bee misses you. You block the killer bee's attack.
The killer bee closely misses you.
You closely miss the killer bee.
The killer bee is heavily wounded.
You barely miss the killer bee. You miss the killer bee.
You feel very sick.
The killer bee stings you but does no damage.
You block the killer bee's attack.
The killer bee stings you but does no damage.
The killer bee barely misses you. x3
You miss the killer bee.
The killer bee is heavily wounded.
You hit the killer bee but do no damage.
You miss the killer bee.
You feel sick.
The killer bee stings you but does no damage.
You block the killer bee's attack. x3; The killer bee barely misses you.
The killer bee stings you.
* * * LOW HITPOINT WARNING * * *
The killer bee closely misses you. The killer bee barely misses you.
The killer bee stings you but does no damage.
You miss the killer bee.
The killer bee is heavily wounded.
You miss the killer bee. You closely miss the killer bee.
You feel sick.
You block the killer bee's attack. x2; The killer bee closely misses you.
The killer bee stings you!
* * * LOW HITPOINT WARNING * * *
The killer bee stings you but does no damage. x2
You barely miss the killer bee.
The killer bee is heavily wounded.
You hit the killer bee but do no damage.
You barely miss the killer bee.
You die...

#### ##### #..##### ####
##...####....#.## ###..#
#......y##.###..# ##.....
##(.....y@#..#...# #....#.
##.......#y.......###...##.
#.......##.....#.###..####.
##......##..####..#...###..
##......##..# ##....###.)#
##.........####..####...#
##.........#.#..# #..##
#######.............##
#...#
##..............#..#.#
###...


You could see 3 killer bees.

Vanquished Creatures
  Eustachio (D:4)
  Menkaure (D:5)
  A phantom (D:5)
  A necrophage (D:5)
  A scorpion (D:5)
  2 killer bees (D:5)
  A hound (D:5)
  An orc priest (D:4)
  An iguana (D:5)
  5 orc wizards (D:4)
  6 adders
  5 gnolls
  A white imp (D:5)
  An ufetubus (D:4)
  2 dart slugs
  4 orcs
  7 ball pythons
  3 bats
  4 endoplasms
  4 giant cockroaches
  4 goblins
  6 hobgoblins
  2 jackals (D:2)
  7 kobolds
  5 quokkas
  5 frilled lizards
  2 rats (D:1)
83 creatures vanquished.

Vanquished Creatures (others)
  A kobold (D:3)
1 creature vanquished.

Grand Total: 84 creatures vanquished

Notes
Turn   | Place    | Note
-------+----------+-------------------------------------------
     0 | D:1      | Thatpatchoflichen the Hill Orc Fighter began the quest for
                  | the Orb.
     0 | D:1      | Reached XP level 1. HP: 19/19 MP: 1/1
   156 | D:1      | Reached XP level 2. HP: 26/27 MP: 2/2
   433 | D:1      | Reached XP level 3. HP: 18/33 MP: 3/3
   577 | D:1      | Found a faded altar of an unknown god.
  1372 | D:2      | Reached XP level 4. HP: 11/40 MP: 4/4
  2220 | D:4      | Reached XP level 5. HP: 39/47 MP: 5/5
  2567 | D:3      | Found a radiant altar of Vehumet.
  2757 | D:4      | Noticed Eustachio
  2800 | D:4      | HP: 2/47 [quokka[Eustachio] (1)]
  2801 | D:4      | Killed Eustachio
  2802 | D:4      | Reached skill level 5 in Fighting
  2802 | D:4      | Reached XP level 6. HP: 2/56 MP: 6/6
  3332 | D:5      | Entered Level 5 of the Dungeon
  3332 | D:5      | Noticed a troll
  3332 | D:5      | Noticed a yak
  3332 | D:5      | Found a large runed translucent door.
  3332 | D:5      | Found a large runed translucent door.
  3378 | D:4      | Reached skill level 5 in Axes
  3743 | D:4      | Reached skill level 5 in Shields
  3769 | D:4      | Found an opulent altar of Gozag.
  4103 | D:5      | Reached skill level 5 in Armour
  4104 | D:5      | Reached XP level 7. HP: 32/61 MP: 7/7
  4519 | D:5      | Noticed Menkaure
  4534 | D:5      | Killed Menkaure
  4725 | D:5      | Found a large runed translucent door.
  4726 | D:5      | Found a large runed translucent door.
  5260 | D:5      | Reached XP level 8. HP: 67/71 MP: 8/8
  5678 | D:5      | HP: 1/71 [killer bee (7)]
  5679 | D:5      | Succumbed to a killer bee's poison

Illustrated notes

Levels and vault maps discovered:
D:1:      nicolae_arrival_washed_ashore, layout_rooms,
          hellmonk_ecumenical_altar_leap_of_faith, st_stairs_13
D:2:      layout_basic, minmay_pentomino_s2
D:3:      layout_rooms, fiery_altar_vehumet
D:4:      layout_loops_cross, nicolae_gozag_cash_rules_everything_around_me,
          uniq_eustachio
D:5:      layout_cave_pools, minmay_hollow_rounded_squares, uniq_menkaure
D:6:      layout_rooms, nicolae_dithmenos_shadow_blocks,
          minmay_temple_entry_poolview, dreamdust_wishing_well,
          uniq_crazy_yiuf_cottage

Skill      XL: |  1  2  3  4  5  6  7 |
---------------+----------------------+-----
Axes           | 3 4 5 6 |  6.5
Fighting       | 4 5 6 |  6.4
Armour         | 4 5 |  5.9
Shields        | 4 5 |  5.9

Action                   |  1- 3 |  4- 6 |  7- 9 || total
-------------------------+-------+-------+-------++-------
Melee: War axe           |    94 |   147 |    77 ||   318
Evoke: Wand              |       |     1 |       ||     1
  Use: Scroll            |       |       |     2 ||     2
       Potion            |       |       |     2 ||     2
Armor: Scale mail        |    56 |   152 |       ||   208
       Leather armour    |       |    20 |    61 ||    81
Dodge: Dodged            |    54 |   150 |    93 ||   297
Block: Buckler           |    17 |    82 |    86 ||   185
